 Dungeon Crawl Stone Soup version 0.25-a0-365-g7600c65aa0 (webtiles) character file.

Game seed: 12494727068879882011, levelgen mode: deterministic

11 kipponium the Ruffian (level 2, -2/25 HPs)
             Began as a Naga Transmuter on Jan 5, 2020.
             Slain by an adder (3 damage)
             ... on level 2 of the Dungeon.
             The game lasted 00:03:26 (1264 turns).

kipponium the Ruffian (Naga Transmuter)             Turns: 1264, Time: 00:03:26

Health: -2/25      AC:  1    Str: 11 (12) XL:     2   Next: 25%
Magic:  5/5        EV: 10    Int: 13      God:
Gold:   66         SH:  0    Dex: 11      Spells: 4/5 levels left

rFire    . . .     SeeInvis +     - Unarmed
rCold    . . .     Gourm    .   (no shield)
rNeg     . . .     Faith    .   b - +0 robe
rPois    +         Spirit   .   (no helmet)
rElec    .         Reflect  .   (no cloak)
rCorr    .         Harm     .   (no gloves)
MR       .....                  (no barding)
Stlth    +.........             (no amulet)
HPRegen  0.08/turn              (no ring)
MPRegen  0.09/turn              (no ring)

@: short of breath, appendage (expiring), very slow
A: large, horns 2, see invisible, deformed body, deterioration 1, poison
resistance, slowness 2, slow metabolism 1, spit poison 1, MP-powered wands, AC
+0
a: Spit Poison, End Transformation


You were on level 2 of the Dungeon.
You were very hungry.
You had grown temporary horns.
You visited 1 branch of the dungeon, and saw 2 of its levels.

You collected 66 gold pieces.

Inventory:

Missiles
 a - 38 arrows
Armour
 b - a +0 robe (worn)
Scrolls
 c - a scroll of random uselessness {unknown}
 e - a scroll of teleportation {unknown}
 g - a scroll of immolation {unknown}
Comestibles
 d - 2 rations


   Skills:
 + Level 1.0 Fighting
 - Level 1.5 Dodging
 + Level 3.4 Unarmed Combat
 - Level 2.1 Spellcasting
 + Level 2.1 Transmutations


You had 4 spell levels left.
You knew the following spells:

 Your Spells              Type           Power        Failure   Level  Hunger
a - Beastly Appendage     Tmut           #.....       11%         1    ##.....

Your spell library contained the following spells:

 Spells                   Type           Power        Failure   Level  Hunger
 Sticks to Snakes         Tmut           #.......     16%         2    ###....
 Spider Form              Tmut/Pois      #.........   43%         3    ####...
 Ice Form                 Ice/Tmut       #.......     85%         4    #####..
 Blade Hands              Tmut           #.........   96%         5    ######.


Dungeon Overview and Level Annotations

Branches:
Dungeon (2/15)

Altars:


Innate Abilities, Weirdness & Mutations

You cannot wear boots.
Your serpentine skin is tough. (AC +0)
You have supernaturally acute eyesight. (SInv)
Armour fits poorly on your strangely shaped body.
Your system is resistant to poisons. (rPois)
You cover ground very slowly.
You have a slow metabolism.
You can spit poison.
You have a pair of horns on your head.
Your body sometimes deteriorates upon taking damage.
You expend magic power (3 MP) to strengthen your wands.


Message History

Aim: an adder (heavily wounded)
The splash of poison misses the adder.
You feel slightly more hungry. The adder bites you but does no damage.
It was a potion of mutation.
You feel extremely strange.
You feel yourself wasting away.
You feel your magical essence link to the dungeon's wands.
The adder closely misses you.
You hit the adder.
The adder is severely wounded.
The adder closely misses you.
You hit the adder.
The adder is almost dead.
The adder bites you.
* * * LOW HITPOINT WARNING * * *
Your body deteriorates!
You feel weakened. The adder barely misses you.
You miss the adder.
The adder is almost dead.
The adder bites you.
You die...

############
#..@S.....$.
#.###.......
#######'##
.######
#........# .#
#........# .#
##........# .#
#<...........#
##........####
+..........


You could see an adder.

Vanquished Creatures
  3 bats (D:1)
  2 goblins (D:1)
  2 hobgoblins (D:1)
  2 kobolds (D:1)
  2 rats (D:1)
11 creatures vanquished.

Notes
Turn   | Place    | Note
-------+----------+-------------------------------------------
     0 | D:1      | kipponium the Naga Transmuter began the quest for the Orb.
     0 | D:1      | Reached XP level 1. HP: 18/18 MP: 3/3
   401 | D:1      | Reached XP level 2. HP: 8/25 MP: 1/5
  1261 | D:2      | Gained mutation: Your body sometimes deteriorates upon
                  | taking damage. [potion of mutation]
  1261 | D:2      | Gained mutation: You expend magic power (3 MP) to
                  | strengthen your wands. [potion of mutation]
  1263 | D:2      | HP: 1/25 [adder (4)]
  1264 | D:2      | Slain by an adder

Levels and vault maps discovered:
D:1:      minmay_arrival_five_plusses, layout_basic
D:2:      layout_basic, fedhas_altar_fruit_tree,
          chequers_ecumenical_altar_twisty, first_ration

Action                   || total
-------------------------++-------
Melee: Unarmed           ||    34
       Headbutt          ||     3
 Cast: Beastly Appendage ||     6
 Abil: Spit Poison       ||    17
  Use: Potion            ||     1
Armor: Robe              ||     7
Dodge: Dodged            ||    22

Table legend:
 A = Non-vault XP
 B = Vault XP
 C = Vault XP percentage of total XP
 D = Non-vault monster count
 E = Vault monster count
 F = Vault count percentage of total count
                 A         B        C        D         E       F
            +---------+---------+-------+---------+---------+-------
      Total |      16 |       0 |   0.0 |      11 |       0 |   0.0
            +---------+---------+-------+---------+---------+-------
        D:1 |      16 |       0 |   0.0 |      11 |       0 |   0.0
            +---------+---------+-------+---------+---------+-------
